 Dungeon Crawl Stone Soup version 0.29.1-13-g9f3cf754e1 (webtiles) character file.

Game seed: 17602173780659702107

2 DoIIoM the Caller (level 1, 0/11 HPs)
             Began as an Octopode Summoner on Feb 4, 2023.
             Slain by a kobold
             ... wielding a +0 short sword
              (5 damage)
             ... on level 1 of the Dungeon.
             The game lasted 00:00:29 (135 turns).

DoIIoM the Caller (Octopode Summoner)                Turns: 135, Time: 00:00:30

Health: 0/11       AC:  1    Str:  7    XL:     1   Next: 40%
Magic:  3/3        EV: 13    Int: 17    God:
Gold:   17         SH:  0    Dex: 12    Spells: 3/4 levels left

rFire   . . .      SeeInvis .   (no weapon)
rCold   . . .      Faith    .   (no shield)
rNeg    . . .      Spirit   .   (helmet restricted)
rPois   .          Reflect  .   (no amulet)
rElec   .          Harm     .   (no ring)
rCorr   .          Rampage  .   (no ring)
Will    .....                   (no ring)
Stlth   +++.......              (no ring)
HPRegen 0.03/turn               (no ring)
MPRegen 0.08/turn               (no ring)
                                (no ring)
                                (no ring)

@: no status effects
A: almost no armour, amphibious, 8 rings, camouflage 1, gelatinous body 1,
(nimble swimmer 1), tentacles
a: no special abilities


You were on level 1 of the Dungeon.
You visited 1 branch of the dungeon, and saw 1 of its levels.

You collected 17 gold pieces.

Inventory:

Potions
 a - a potion of magic


   Skills:
 + Level 0.1 Fighting
 - Level 2.0 Dodging
 + Level 2.8 Stealth
 + Level 2.0 Spellcasting
 + Level 4.0 Summonings


You had 3 spell levels left.
You knew the following spells:

 Your Spells              Type           Power      Damage    Failure   Level
a - Summon Small Mammal   Summ           60%        N/A       3%          1

Your spell library contained the following spells:

 Spells                   Type           Power      Damage    Failure   Level
 Call Imp                 Summ           15%        N/A       5%          2
 Call Canine Familiar     Summ           15%        N/A       11%         3
 Summon Guardian Golem    Hex/Summ       8%         N/A       26%         3
 Summon Lightning Spire   Summ/Air       8%         N/A       63%         4


Dungeon Overview and Level Annotations

Branches:
Dungeon (1/15)

Altars:


Innate Abilities, Weirdness & Mutations

You cannot wear most types of armour.
You are amphibious.
You can wear up to eight rings at the same time.
Your skin changes colour to match your surroundings (Stealth+).
Your rubbery body absorbs attacks. (AC +1, EV +1)
((You are camouflaged when in or above water. (Stealth+)))
You have tentacles for arms and can constrict up to eight enemies at once.


Message History

You tentacle-slap the kobold.
You kill the kobold!
Your bat barely misses the kobold.
The kobold closely misses you.
You miss the kobold. Your grab misses the kobold.
Your bat hits the kobold but does no damage.
The kobold hits you with a +0 club. The kobold barely misses you.
You tentacle-slap the kobold but do no damage.
Your grab misses the kobold.
Your bat hits the kobold but does no damage.
The kobold closely misses you.
The kobold hits you with a +0 short sword.
You are too injured to fight recklessly!
Unknown command.
Your bat hits the kobold but does no damage.
Your bat barely misses the kobold.
The kobold attacks as you move away! The kobold hits you but does no damage.
Your bat closely misses the kobold.
The kobold throws a stone.
The stone hits you but does no damage.
Your bat hits the kobold.
The kobold throws a stone.
The stone misses you.
You tentacle-slap the kobold but do no damage.
Your grab misses the kobold.
Your bat barely misses the kobold.
The kobold misses you.
You tentacle-slap the kobold. You grab the kobold.
The kobold is heavily wounded.
You constrict the kobold, but do no damage.
Your bat hits the kobold but does no damage.
The kobold hits you but does no damage.
The kobold throws a stone.
The stone hits you.
You tentacle-slap the kobold but do no damage.
The kobold is heavily wounded.
You constrict the kobold, but do no damage.
Your bat hits the kobold but does no damage.
The kobold completely misses you.
You tentacle-slap the kobold.
The kobold is severely wounded.
You constrict the kobold.
You kill the kobold!
Your bat closely misses the kobold.
The kobold hits you with a +0 short sword.
You die...
P÷..P ......#. ..
PP.P

####..#....... #K##
#.......##..# #..##
#...........#
##...####...........#
#...............#
#..##..##.)......# ###
#..##....K...#
##..#..†..b@..#
....#..#......#
......#.#........
......#...#.........
..#######.#######....
...#~~#.......#~~#....
#~#.........#~# ...
##...........## #.
#.............#


You could see a kobold (ally target) and a friendly bat (summoned).

Vanquished Creatures
  2 kobolds (D:1)
  A frilled lizard (D:1)
3 creatures vanquished.

Vanquished Creatures (collateral kills)
  A bat (D:1)
1 creature vanquished.

Vanquished Creatures (others)
  11 plants (D:1)
11 creatures vanquished.

Grand Total: 15 creatures vanquished

Notes
Turn   | Place    | Note
-------+----------+-------------------------------------------
     0 | D:1      | DoIIoM the Octopode Summoner began the quest for the Orb.
     0 | D:1      | Reached XP level 1. HP: 11/11 MP: 3/3
   135 | D:1      | Slain by a kobold

Illustrated notes

Levels and vault maps discovered:
D:1:      psy_arrival_dodecagon, layout_loops_cross,
          hellmonk_ecumenical_altar_watching_god, serial_bayou_lagoon_a,
          lexackson_kobold_supper

Action                   || total
-------------------------++-------
Melee: Unarmed           ||    10
       Constrict         ||     1
 Cast: Summon Small Mamm ||     2
 Stab: Distracted        ||     1
Armor: Skin              ||     4
Dodge: Dodged            ||    12
